 Dungeon Crawl Stone Soup version 0.31.0-11-ge490571c62 (webtiles) character file.

Game seed: 4057964837309375550

22 jasper the Apothecary (level 2, -1/19 HPs)
             Began as a Vampire Alchemist on Feb 2, 2024.
             Slain by a ribbon worm (6 damage)
             ... on level 2 of the Dungeon.
             The game lasted 00:01:40 (1137 turns).

jasper the Apothecary (Vampire Alchemist)           Turns: 1137, Time: 00:01:41

Health: -1/19      AC:  2    Str:  7    XL:     2   Next: 68%
Magic:  0/5        EV: 12    Int: 17    God:
Gold:   79         SH:  0    Dex: 14    Spells: 5/6 levels left

rFire   . . .        e - +0 dagger (flame)
rCold   . . .        (no shield)
rNeg    . . .        a - +0 robe
rPois   .            (no helmet)
rElec   .            (no cloak)
rCorr   .            (no gloves)
SInv    +            (no boots)
Will    .....        (no amulet)
Stlth   ++           (no ring)
HPRegen 0.43/turn    (no ring)
MPRegen 0.09/turn

%: no passive effects
@: healing quickly
A: alive, fangs 3, see invisible, vampiric 1
a: Exsanguinate


You were on level 2 of the Dungeon.
You visited 1 branch of the dungeon, and saw 2 of its levels.

You collected 79 gold pieces.

Inventory:

Hand Weapons
 d - a +0 spear
 e - a +0 dagger of flaming (weapon)
Armour
 a - a +0 robe (worn)
Jewellery
 f - an amulet of magic regeneration
Scrolls
 c - a scroll of vulnerability
 h - a scroll of identify
 j - a scroll of enchant armour
Potions
 b - a potion of magic


   Skills:
 - Level 2.1 Dodging
 - Level 3.0 Stealth
 + Level 2.6 Spellcasting
 - Level 0.6 Conjurations
 + Level 3.9 Alchemy


You had 5 spell levels left.
You knew the following spells:

 Your Spells              Type           Power      Damage    Failure   Level
a - Sting                 Conj/Alch      36%        1d5       7%          1

Your spell library contained the following spells:

 Spells                   Type           Power      Damage    Failure   Level
 Mercury Vapours          Alch/Air       16%        N/A       12%         2
 Mephitic Cloud           Conj/Alch/Air  7%         N/A       30%         3
 Olgreb's Toxic Radiance  Alch           15%        N/A       34%         4
 Sticky Flame             Fire/Alch      8%         2d4       63%         4


Dungeon Overview and Level Annotations

Branches:
Dungeon (2/15)

Altars:


Innate Abilities, Weirdness & Mutations

Your natural rate of healing is accelerated.
You have razor-sharp teeth.
You have supernaturally acute eyesight. (SInv)
You are afflicted with vampirism.


Message History

You feel your willpower return.
You hit the ribbon worm but do no damage.
You hit the ribbon worm. You burn the ribbon worm.
The ribbon worm is lightly wounded.
The ribbon worm bites you.
You hit the ribbon worm but do no damage.
You punch the ribbon worm.
The ribbon worm is lightly wounded.
The ribbon worm barely misses you.
You hit the ribbon worm. You burn the ribbon worm. You bite the ribbon worm.
The ribbon worm is heavily wounded.
The ribbon worm expels a string of sticky webbing.
The stream of webbing misses you.
You hit the ribbon worm. You burn the ribbon worm.
The ribbon worm is heavily wounded.
The ribbon worm bites you!
The sting hits the ribbon worm.
The ribbon worm is poisoned.
The ribbon worm is heavily wounded.
You hit the ribbon worm but do no damage.
The ribbon worm is heavily wounded.
The ribbon worm bites you.
You hit the ribbon worm but do no damage.
The ribbon worm is severely wounded.
The ribbon worm barely misses you.
You hit the ribbon worm but do no damage.
The ribbon worm is severely wounded.
The ribbon worm closely misses you.
You hit the ribbon worm. You burn the ribbon worm.
The ribbon worm is severely wounded.
The ribbon worm looks more healthy.
The ribbon worm bites you.
You hit the ribbon worm. You burn the ribbon worm.
The ribbon worm is almost dead.
You hit the ribbon worm. You burn the ribbon worm.
The ribbon worm is almost dead.
The ribbon worm bites you.
* * * LOW HITPOINT WARNING * * *
You hit the ribbon worm. You burn the ribbon worm.
The ribbon worm is almost dead.
The ribbon worm bites you.
You die...

## ..........>.
##.##.......#
..##.......#
#.##..:....#
##.##.......
#.........#
##.........#
###.#<.......w@###.#
#.........†.........#
#.....)....###.######
#........#.# #.#
#........#.# ..#
#........#....!#
#####.......##.#
#.......##..
#....##.####


You could see a ribbon worm.

Vanquished Creatures
  2 bats
  An endoplasm (D:1)
  2 giant cockroaches (D:1)
  4 goblins (D:1)
  2 hobgoblins (D:1)
  3 kobolds
  A frilled lizard (D:1)
  5 rats
20 creatures vanquished.

Notes
Turn   | Place    | Note
-------+----------+-------------------------------------------
     0 | D:1      | jasper the Vampire Alchemist began the quest for the Orb.
     0 | D:1      | Reached XP level 1. HP: 13/13 MP: 3/3
   454 | D:1      | Reached XP level 2. HP: 19/19 MP: 0/5
   688 | D:1      | Found a faded altar of an unknown god.
  1137 | D:2      | Slain by a ribbon worm

Illustrated notes

Levels and vault maps discovered:
D:1:      saegor_arrival_simple_d, layout_loops_corners,
          hellmonk_ecumenical_altar_heavens_door, st_stairs_9,
          minmay_nonomino_d4
D:2:      layout_basic

Action                     || total
---------------------------++-------
  Melee: Spear             ||     5
         Unarmed           ||     2
         Dagger            ||    19
         Punch             ||     1
         Bite              ||     1
   Cast: Sting             ||    29
    Use: Scroll            ||     5
 Armour: Robe              ||    12
  Dodge: Dodged            ||    19
